 Dungeon Sprint DCSS version 0.23.0 (webtiles) character file.

Game seed: 9192981332025934820

1240 Infinimo the Basher (level 8, 0/58 HPs)
             Began as a Kobold Berserker on Feb 17, 2019.
             Was an Elder of Trog.
             Shot with an arrow by a centaur warrior (17 damage)
             ... in the Dungeon (Sprint I: "Red Sonja").
             The game lasted 00:03:03 (703 turns).

Infinimo the Basher (Kobold Berserker)               Turns: 703, Time: 00:03:04

Health: 0/58       AC:  5    Str: 16    XL:     8   Next: 78%
Magic:  8/8        EV: 22    Int:  9    God:    Trog [****..]
Gold:   114        SH:  0    Dex: 14    Spells: 7/7 levels left

rFire    . . .     SeeInvis .   a - +1 mace
rCold    . . .     Gourm    .   (shield restricted)
rNeg     . . .     Faith    .   j - +2 leather armour
rPois    .         Spirit   .   (no helmet)
rElec    .         Reflect  .   (no cloak)
rCorr    .         Harm     .   (no gloves)
MR       .....     NoTele   +   (no boots)
Stlth    +.........             (no amulet)
HPRegen  0.19/turn              (no ring)
MPRegen  0.11/turn              (no ring)

@: no status effects
A: small, carnivore
a: Berserk, Trog's Hand, Brothers in Arms, Renounce Religion


You were in the Dungeon.
You worshipped Trog.
Trog was greatly pleased with you.
You were very hungry.

You visited 1 branch You collected 405 gold pieces.
You spent 291 gold pieces at shops.

Inventory:

Hand Weapons
 a - a +1 mace (weapon)
Armour
 j - a +2 leather armour (worn)
Scrolls
 i - a scroll of blinking
Potions
 g - 2 potions of magic
 h - a potion of berserk rage


   Skills:
 + Level 10.5 Fighting
 * Level 12.0 Maces & Flails
 - Level 1.5 Armour
 + Level 11.1 Dodging


You had 7 spell levels left.
You didn't know any spells.
Your spell library was empty.

Dungeon Overview and Level Annotations

Branches:
Dungeon (1/1)

Altars:
Cheibriados
Dithmenos
Elyvilon
Fedhas
Gozag
Hepliaklqana
Kikubaaqudgha
Makhleb
Nemelex Xobeh
Okawaru
Qazlal
Ru
Sif Muna
Trog
Uskayaw
Vehumet
Wu Jian
Xom
Yredelemnul
Zin
The Shining One
Jiyva
Lugonu

Shops:
D ?


Innate Abilities, Weirdness & Mutations

You are small and have problems with some larger weapons.
You are carnivorous and can eat meat at any time.


Message History

There is an open door here.
What are your orders? t - Shout!
Orders for allies: a - Attack new target. r - Retreat! s - Stop attacking. g - Guard the area. f - Follow me.
Anything else - Cancel.
You shout for attention!
You hear a shout! x2
A centaur warrior comes into view.
You see here a hand crossbow.
You close the door.
Something unseen opens the door.
The centaur warrior wields a +0 shortbow.
The centaur warrior shoots an arrow.
The arrow hits you.
The centaur warrior shoots an arrow.
The arrow hits you!!
You see here an arrow.
There is an open door here.
The centaur warrior shoots an arrow.
The arrow hits you!!
* * * LOW HITPOINT WARNING * * *
The centaur warrior shoots an arrow.
The arrow hits you!
You die...

##########################
#<.#..)..#).'..#__#.s'...#
#..'[.#..'..#@.+ss's.#...#
#..#####'#####'#__####...sss#
#..####..#...#(####§$#####s.+
#..#__####..##(#§§§.c# ##
#..#_____##'#§§c§§§§
#⌠⌠#_.∩...'..§§#§§§§
####_..__##_.#+##+##
#_____###+# #######


You could see a centaur warrior.

Vanquished Creatures
  2 kobold demonologists (D)
  A slime creature (D)
  Sigmund (D)
  A yak (D)
  A floating eye (D)
  An ogre (D)
  A jelly (D)
  Ijyb (D)
9 creatures vanquished.

Notes
Turn   | Place    | Note
-------+----------+-------------------------------------------
     0 | D        | Infinimo the Kobold Berserker began the quest for the Orb.
     0 | D        | Reached XP level 1. HP: 14/14 MP: 1/1
     1 | D        | Noticed Ijyb
    13 | D        | Killed Ijyb
    13 | D        | Reached skill level 4 in Maces & Flails
    13 | D        | Reached XP level 2. HP: 20/20 MP: 2/2
    13 | D        | Reached XP level 3. HP: 24/24 MP: 3/3
    68 | D        | Noticed an ogre
    75 | D        | Killed an ogre
    75 | D        | Reached skill level 6 in Maces & Flails
    75 | D        | Reached XP level 4. HP: 32/32 MP: 4/4
    75 | D        | Reached XP level 5. HP: 36/36 MP: 5/5
   134 | D        | Noticed Sigmund
   145 | D        | Killed Sigmund
   145 | D        | Reached ** piety under Trog
   145 | D        | Reached skill level 8 in Maces & Flails
   145 | D        | Reached XP level 6. HP: 44/44 MP: 6/6
   195 | D        | Found a deep blue altar of Sif Muna.
   196 | D        | Found an ornate altar of the Wu Jian Council.
   197 | D        | Found a radiant altar of Vehumet.
   254 | D        | Found Bemn's Magic Scroll Emporium.
   254 | D        | Found an ancient bone altar of Kikubaaqudgha.
   254 | D        | Found a hazy altar of Hepliaklqana.
   254 | D        | Found a stormy altar of Qazlal.
   254 | D        | Found a hide-covered altar of Uskayaw.
   254 | D        | Found a blossoming altar of Fedhas.
   254 | D        | Found a bloodstained altar of Trog.
   254 | D        | Found an iron altar of Okawaru.
   254 | D        | Found a basalt altar of Yredelemnul.
   254 | D        | Found a glowing golden altar of the Shining One.
   254 | D        | Found a snail-covered altar of Cheibriados.
   254 | D        | Found a sacrificial altar of Ru.
   254 | D        | Found a glowing silver altar of Zin.
   254 | D        | Found a shadowy altar of Dithmenos.
   254 | D        | Found a white marble altar of Elyvilon.
   254 | D        | Noticed a yak
   261 | D        | Killed a yak
   261 | D        | Reached skill level 9 in Maces & Flails
   261 | D        | Reached XP level 7. HP: 50/50 MP: 7/7
   262 | D        | Found an opulent altar of Gozag.
   287 | D        | Found a sparkling altar of Nemelex Xobeh.
   291 | D        | Bought a scroll of enchant weapon for 97 gold pieces
   315 | D        | Bought a scroll of enchant armour for 97 gold pieces
   315 | D        | Bought a scroll of enchant armour for 97 gold pieces
   328 | D        | Found a viscous altar of Jiyva.
   328 | D        | Found a corrupted altar of Lugonu.
   328 | D        | Noticed a slime creature
   329 | D        | Found a burning altar of Makhleb.
   329 | D        | Found a shimmering altar of Xom.
   336 | D        | Killed a slime creature
   336 | D        | Reached *** piety under Trog
   336 | D        | Reached skill level 10 in Maces & Flails
   389 | D        | Noticed a kobold demonologist
   390 | D        | Noticed a kobold demonologist
   392 | D        | Paralysed by a floating eye for 4 turns
   396 | D        | Noticed a red devil
   397 | D        | Reached skill level 10 in Dodging
   397 | D        | Reached XP level 8. HP: 56/56 MP: 8/8
   406 | D        | Killed a kobold demonologist
   406 | D        | Reached skill level 10 in Fighting
   406 | D        | Reached skill level 11 in Maces & Flails
   413 | D        | Noticed an orange demon
   420 | D        | Noticed a ynoxinul
   429 | D        | Killed a kobold demonologist
   429 | D        | Reached **** piety under Trog
   429 | D        | Reached skill level 12 in Maces & Flails
   432 | D        | Noticed a demonic crawler
   432 | D        | Noticed a demonic crawler
   432 | D        | Noticed a demonic crawler
   432 | D        | Noticed a demonic crawler
   690 | D        | Noticed a centaur warrior
   700 | D        | Noticed a centaur warrior
   703 | D        | Shot with an arrow by a centaur warrior

Skill      XL: |  1  2  3  4  5  6  7  8 |
---------------+-------------------------+-----
Fighting       | 4 6 7 8 9 10 | 10.5
Maces & Flails | 4 6 8 9 10 12 | 12.0
Dodging        | 4 6 7 9 10 11 | 11.1
Armour         | |  1.5

Action                   |  1- 3 |  4- 6 |  7- 9 || total
-------------------------+-------+-------+-------++-------
Melee: Mace              |    14 |    13 |    37 ||    64
Invok: Berserk           |     2 |     3 |     2 ||     7
  Use: Scroll            |       |       |     3 ||     3
       Potion            |       |       |     3 ||     3
  Eat: Ration            |       |     1 |     1 ||     2
Armor: Animal skin       |     2 |       |       ||     2
       Leather armour    |       |     1 |     6 ||     7
Dodge: Dodged            |     7 |     7 |    46 ||    60
